 Dungeon Crawl Stone Soup version 0.19-a0-1051-gdb7e7f8 (webtiles) character file.

201 JeffiDaFish the Firebug (level 5, -4/40 HPs)
             Began as a Hill Orc Fire Elementalist on Aug 1, 2016.
             Slain by an orc wizard
             ... wielding a +0 dagger
              (5 damage)
             ... on level 4 of the Dungeon.
             The game lasted 00:23:26 (3610 turns).

JeffiDaFish the Firebug (HOFE)                      Turns: 3610, Time: 00:23:26

Health: -4/40      AC:  5    Str: 11    XL:     5   Next: 79%
Magic:  3/8        EV: 12    Int: 16    God:
Gold:   180        SH:  0    Dex: 11    Spells: 2 memorised, 5 levels left

rFire  . . .     SeeInvis .     k - +0 rapier
rCold  . . .     Gourm    .     d - +0 robe
rNeg   . . .     Faith    .     (no shield)
rPois  .         Spirit   .     (no helmet)
rElec  .         Dismiss  .     c - +2 cloak
rCorr  .         Reflect  .     (no gloves)
SustAt +         Harm     .     (no boots)
MR     .....                    (no amulet)
Stlth  ++........               (no ring)
                                n - ring of sustain attributes

@: very slightly contaminated, slowed, very slow, not resistant to hostile
enchantments, unstealthy
A: no striking features
a: no special abilities


You were on level 4 of the Dungeon.
You were very hungry.

You visited 1 branch of the dungeon, and saw 4 of its levels.

You collected 180 gold pieces.

Inventory:

Hand Weapons
 f - a +0 dagger
 k - a +0 rapier (weapon)
 p - a +2 mace of draining
Missiles
 i - 3 tomahawks (quivered)
Armour
 a - a +0 robe
 c - a +2 cloak (worn)
 d - a +0 robe (worn)
Jewellery
 n - a ring of sustain attributes (left hand)
 z - a +2 ring of strength {unknown}
Wands
 A - a wand of paralysis (4/24)
Scrolls
 e - 3 scrolls of identify
 g - 3 scrolls of remove curse
 j - 2 scrolls of fear {unknown}
 l - 2 scrolls of enchant weapon {unknown}
 o - a scroll of enchant armour {unknown}
 q - a scroll of fog {unknown}
 r - 2 scrolls of magic mapping {unknown}
 v - a scroll of blinking {unknown}
 y - a scroll of random uselessness {unknown}
Potions
 h - 2 potions of flight {unknown}
 w - a potion of curing
Books
 b - a book of Flames

   Spells                             Type                      Level
   a - Flame Tongue                   Conjuration/Fire             1
   b - Throw Flame                    Conjuration/Fire             2
   c - Conjure Flame                  Conjuration/Fire             3
   d - Inner Flame                    Hexes/Fire                   3
   e - Sticky Flame                   Conjuration/Fire             4
   f - Fireball                       Conjuration/Fire             5
Comestibles
 m - 2 beef jerkies
 s - 2 fruits
 t - a meat ration
 x - a bread ration


   Skills:
 + Level 1.3 Fighting
 + Level 0.8 Short Blades
 + Level 2.7 Dodging
 + Level 2.4 Stealth
 + Level 2.3 Spellcasting
 + Level 2.0 Conjurations
 + Level 4.1 Fire Magic


You had 5 spell levels left.
You knew the following spells:

 Your Spells              Type           Power        Failure   Level  Hunger
a - Flame Tongue          Conj/Fire      ##...        8%          1    #......
b - Throw Flame           Conj/Fire      ##....       10%         2    ###....


Dungeon Overview and Level Annotations

Branches:
Dungeon (4/15)
 Temple: D:4-7

Altars:
Hepliaklqana

Shops:
D:4 [

Annotations:
D:4 Edmund


Message History

Confirm with . or Enter, or press ? or * to list all spells.
Aiming: Flame Tongue
Press: ? - help, Shift-Dir - straight line, f/p - orc wizard
Aim: an orc wizard, wielding a dagger and wearing a robe (severely wounded, fast)
You miscast Flame Tongue.
You are very lightly contaminated with residual magic.
Nothing appears to happen.
The orc wizard casts a spell at you. The magic dart hits you!
* * * LOW HITPOINT WARNING * * *
The orc wizard misses you.
Casting: Flame Tongue
Confirm with . or Enter, or press ? or * to list all spells.
Aiming: Flame Tongue
Press: ? - help, Shift-Dir - straight line, f/p - orc wizard
Aim: an orc wizard, wielding a dagger and wearing a robe (severely wounded, fast)
The flame tongue hits the orc wizard.
The orc wizard is severely wounded.
The orc wizard hits you with a dagger.
You die...

####........##.# .#
....)..$...?##.##.##
...............#...
..........###....#
####......# #...##
#...#..###....#
#...##.....#.#.#
#...########o#######
#.@. #...)@.....# ##
.....##.##.##.# ###.
#.# # # #$. #.## ...
... ... ##.##


You could see an orc wizard.

Vanquished Creatures
  A giant frog skeleton (D:4)
  Ijyb (D:3)
  6 adders
  An ooze (D:1)
  4 worms
  2 dart slugs
  3 giant geckos
  2 orcs (D:4)
  5 bats
  3 giant cockroaches (D:3)
  8 goblins
  7 hobgoblins
  7 jackals (D:2)
  8 kobolds
  3 quokkas
  4 giant newts
  5 rats
70 creatures vanquished.

Notes
Turn   | Place    | Note
-------+----------+-------------------------------------------
     0 | D:1      | JeffiDaFish the Hill Orc Fire Elementalist began the quest for the Orb.
     0 | D:1      | Reached XP level 1. HP: 14/14 MP: 3/3
   117 | D:1      | Reached XP level 2. HP: 12/20 MP: 0/4
   632 | D:1      | Reached XP level 3. HP: 26/26 MP: 2/5
   761 | D:1      | Learned a level 2 spell: Throw Flame
  2329 | D:3      | Reached XP level 4. HP: 30/34 MP: 7/7
  2628 | D:3      | Found a hazy altar of Hepliaklqana.
  2845 | D:3      | Reached XP level 5. HP: 39/39 MP: 6/8
  3278 | D:3      | Noticed Ijyb
  3280 | D:3      | Paralysed by Ijyb for 5 turns
  3289 | D:3      | Paralysed by Ijyb for 6 turns
  3295 | D:3      | Reached skill level 1 in Fighting
  3299 | D:3      | Paralysed by Ijyb for 3 turns
  3319 | D:3      | Killed Ijyb
  3319 | D:3      | Reached skill level 4 in Fire Magic
  3544 | D:4      | Found Zyqasel's Antique Armour Shoppe.
  3561 | D:4      | Noticed Edmund
  3609 | D:4      | HP: 1/40 [orc wizard/magic dart (5)]
  3610 | D:4      | Slain by an orc wizard

Vault maps used:
D:1:      lemuel_arrival_funnel, kennysheep_decorative_pillar,
          serial_bayou_pond_c
D:3:      old_standard_altar, first_bread, uniq_iyjb
D:4:      serial_shops, shop, uniq_edmund

Skill      XL: |  1  2  3  4  5 |
---------------+----------------+-----
Dodging        | 2 |  2.7
Spellcasting   | 2 |  2.3
Stealth        | 2 |  2.4
Fighting       | 1 |  1.3
Fire Magic     | 4 |  4.1
Conjurations   | 2 |  2.0
Short Blades   | |  0.8

Action                   |  1- 3 |  4- 6 || total
-------------------------+-------+-------++-------
Melee: Dagger            |    70 |       ||    70
       Rapier            |    18 |   107 ||   125
 Cast: Flame Tongue      |    35 |    28 ||    63
       Throw Flame       |     3 |    14 ||    17
  Use: Scroll            |     6 |       ||     6
       Potion            |     2 |       ||     2
 Stab: Sleeping          |     6 |     2 ||     8
  Eat: Bread ration      |     1 |       ||     1
       Pizza             |     1 |       ||     1
       Chunk             |       |     4 ||     4
Armor: Robe              |    37 |    32 ||    69
Dodge: Dodged            |    94 |    66 ||   160
